 Dungeon Crawl Stone Soup version 0.17-a0-2002-g92c7e20 (webtiles) character file.

111 tp1 the Covered (level 4, -2/28 HPs)
             Began as a Gargoyle Berserker on Oct 8, 2015.
             Was a Believer of Trog.
             Killed by divine providence
             ... invoked by an orc priest
              (10 damage)
             ... on level 3 of the Dungeon.
             The game lasted 00:04:58 (2015 turns).

tp1 the Covered (Gargoyle Berserker)                Turns: 2015, Time: 00:04:58

Health: -2/28      AC: 13    Str: 22    XL:     4   Next: 92%
Magic:  4/4        EV:  8    Int:  7    God:    Trog [**....]
Gold:   112        SH:  0    Dex:  9    Spells: 0 memorised, 3 levels left

rFire  . . .     SeeInvis .     a - +0 hand axe
rCold  . . .     Clarity  .     h - +0 chain mail
rNeg   + . .     SustAt   .     (no shield)
rPois  ∞         Gourm    .     (no helmet)
rElec  +         Spirit   .     (no cloak)
rCorr  .         Warding  .     (no gloves)
rMut   .         Stasis   .     (no boots)
MR     .....                    (no amulet)
Stlth  ..........               (no ring)
                                (no ring)

@: confused, not resistant to hostile enchantments, extremely unstealthy
A: negative energy resistance 1, electricity resistance, unbreathing,
petrification resistance, rot immunity, AC +3
a: Burn Spellbooks, Berserk, Trog's Hand, Renounce Religion


You were on level 3 of the Dungeon.
You worshipped Trog.
Trog was pleased with you.
You were not hungry.

You visited 1 branch of the dungeon, and saw 3 of its levels.

You collected 112 gold pieces.

Inventory:

Hand Weapons
 a - a +0 hand axe (weapon)
Armour
 b - a +0 animal skin
 d - a +0 ring mail
 h - a +0 chain mail (worn)
Scrolls
 g - 3 scrolls of identify {unknown}
 n - a scroll of teleportation {unknown}
 o - a scroll of remove curse {unknown}
Potions
 e - 3 potions of lignification {unknown}
 i - a potion of curing {unknown}
 l - a potion of heal wounds {unknown}
 m - a potion of flight {unknown}
 p - a potion of brilliance {unknown}
Comestibles
 c - 3 bread rations
 f - a meat ration
 k - a slice of pizza


   Skills:
 - Level 3.2 Fighting
 * Level 2.8 Axes
 + Level 5.3 Armour
 - Level 1.5 Dodging


You had 3 spell levels left.
You didn't know any spells.

Dungeon Overview and Level Annotations

Branches:
Dungeon (3/15)

Altars:
Ashenzari
Elyvilon
Nemelex Xobeh


Innate Abilities, Weirdness & Mutations

You are resistant to torment.
Your stone body is resilient (AC +3).
You are immune to poison.
You resist negative energy.
You are resistant to electric shocks.
You can survive without breathing.
You are immune to petrification.
You are immune to rotting.


Message History

Something tries to affect you, but you resist.
The orc throws a tomahawk.
The tomahawk hits you but does no damage.
You see here a tomahawk.
You barely miss the orc wizard. The orc wizard casts a spell at you.
The magic dart hits you!
* * * LOW HITPOINT WARNING * * *
The orc throws a tomahawk.
The tomahawk barely misses you.
The orc wizard hits you but does no damage.
You closely miss something. You miss the orc wizard.
You feel less confused.
The orc wizard hits you but does no damage.
You hear some strange, mumbled words.
You are confused.
The orc throws a tomahawk.
The tomahawk hits you but does no damage.
The orc priest calls down the wrath of Beogh upon you.
Something smites you!
You die...

#.....# ####.# #.(...#
##....# ......#
##.###.## ####### #.##
##.# #.# #.# #.## ##.#
##.###.########
######## ##....(.o....#
#......####..###@####.#
#............# #.#
#......####.##.ooo..#
.......# #.##.#g##.#
#......# #.##.#o. ..
#<.....# #... ..# .#
#......# #### ..# ..
##...### #.# # #...#
#.#


You could see an orc priest, 2 orc wizards, 2 orcs and a goblin.

Vanquished Creatures
  6 adders
  An ooze (D:2)
  3 worms (D:2)
  2 giant geckos (D:1)
  2 orcs (D:3)
  A giant cockroach (D:3)
  5 goblins
  4 hobgoblins
  3 kobolds
  A quokka (D:2)
  6 bats
  3 giant newts
  4 jackals (D:2)
  7 rats
48 creatures vanquished.

Notes
Turn   | Place    | Note
--------------------------------------------------------------
     0 | D:1      | tp1 the Gargoyle Berserker began the quest for the Orb.
     0 | D:1      | Reached XP level 1. HP: 14/14 MP: 1/1
   374 | D:1      | Reached XP level 2. HP: 19/19 MP: 2/2
   435 | D:1      | Found a sparkling altar of Nemelex Xobeh.
   939 | D:2      | Reached XP level 3. HP: 3/23 MP: 3/3
  1149 | D:2      | Reached skill level 4 in Armour
  1338 | D:2      | Reached XP level 4. HP: 21/28 MP: 4/4
  1340 | D:2      | Acquired Trog's second power
  1390 | D:2      | Found a white marble altar of Elyvilon.
  1612 | D:2      | Reached skill level 5 in Armour
  1805 | D:3      | Found a shattered altar of Ashenzari.
  2015 | D:3      | Killed from afar by an orc priest

Vault maps used:
D:1:      dpeg_arrival_circle_labyrinth_c, nemelex_xobeh_ov_fountains_minmay
D:2:      elyvilon_altar_3
D:3:      grunt_ministairs_9, cheibrodos_ashenzari_chains

Action                   |  1- 3 |  4- 6 || total
-------------------------+-------+-------++-------
Melee: Hand axe          |   111 |   104 ||   215
Invok: Berserk           |     1 |       ||     1
  Eat: Chunk             |     2 |     3 ||     5
